 Dungeon Crawl Stone Soup version bcrawl-1.31.4 (webtiles) character file.

Game seed: 11068806824033548502

125221 Morbidden the Ducker (level 5, -2/29 HPs)
             Began as an Avariel Archaeologist on June 7, 2021.
             Was an Initiate of Vehumet.
             Slain by an adder (3 damage)
             ... on level 3 of the Dungeon.
             The game lasted 00:04:16 (2442 turns).

Morbidden the Ducker (Avariel Archaeologist)        Turns: 2442, Time: 00:04:16

Health: -2/29      AC:  7    Str: 10    XL:     5   Next: 0%
Magic:  9/9        EV: 19    Int: 20    God:    Vehumet [......]
Gold:   206        SH:  0    Dex: 16    Spells: 6/6 levels left

rFire    . . .     SeeInvis .   a - +0 dagger
rCold    . . .     Gourm    .   (no shield)
rNeg     . . .     Faith    .   c - +1 robe
rPois    .         Spirit   .   m - +0 helmet
rElec    .         Reflect  .   (no cloak)
rCorr    .         Harm     .   h - +0 pair of gloves of Ocuwiesch {+Inv Slay+3}
MR       .....                  j - +1 pair of boots
Stlth    ++++......             (no amulet)
HPRegen  0.09/turn              (no ring)
MPRegen  0.11/turn              (no ring)

@: agile, lethally poisoned (-2 -> -7)
A: no striking features
a: Renounce Religion, Evoke Invisibility


You were on level 3 of the Dungeon.
You worshipped Vehumet.
Vehumet was noncommittal.
You were hungry.

You visited 1 branch of the dungeon, and saw 3 of its levels.

You collected 206 gold pieces.

Inventory:

Hand Weapons
 a - a +0 dagger (weapon)
 b - a +0 blowgun
Missiles
 f - 6 curare-tipped needles
 l - 181 javelins (quivered)
Armour
 c - a +1 robe (worn)
 h - the +0 pair of gloves of Ocuwiesch (worn) {+Inv Slay+3}
   (You acquired it on level 3 of the Dungeon)

   It affects your accuracy and damage with ranged weapons and melee attacks
   (+3).
   It lets you turn invisible.
 j - a +1 pair of boots (worn)
 m - a +0 helmet (worn)
Jewellery
 k - an uncursed ring of positive energy
 q - an uncursed ring of ice
Scrolls
 g - a scroll of magic mapping
 i - a scroll of identify
 n - 3 scrolls of remove curse
 p - 2 scrolls of fear {unknown}
 r - a scroll of amnesia {unknown}
Potions
 o - a potion of flight {unknown}
 s - a potion of agility
 t - a potion of curing {unknown}
Comestibles
 d - 2 chunks of flesh
 e - 5 rations {!d}


   Skills:
 * Level 1.6 Fighting
 + Level 0.6 Short Blades
   Level 1.6 Maces & Flails
 + Level 0.9 Throwing
 * Level 4.1 Dodging
 + Level 4.0 Stealth
 * Level 1.3 Spellcasting


You had 6 spell levels left.
You didn't know any spells.
Your spell library was empty.

Dungeon Overview and Level Annotations

Branches:
Dungeon (3/12)

Altars:
Cheibriados
Qazlal
Uskayaw
Vehumet
Zin


Message History

No path to travel!
No path to travel!
You miss the adder.
The adder is heavily wounded.
The adder barely misses you.
You hit the adder.
The adder is severely wounded.
The adder misses you. The adder bites you.
* * * LOW HITPOINT WARNING * * *
You are lethally poisoned!
The adder poisons you!
No path to travel!
You hit the adder.
The adder is almost dead.
* * * LOW HITPOINT WARNING * * *
You feel sick. The adder closely misses you.
It was a potion of agility.
You feel agile all of a sudden. The adder bites you.
You die...

#.# #.# ####### #.#
#.. ..# #.# #.# #.#
###.####.###.#
#.........##..
#########)#.####......
#............# #.###..
#.###@##......##.###.#
#. ##S##.....###.#....
#. #ZZ....#.## #.....#
### #. #..##.##.#
###.##. .... #.
#..##.##.# #. #.
.....#.##..##.##.#
#.##.
.................
#<...
..........####...
####. ..........# .
##.


You could see an adder, a worker ant zombie and a centaur skeleton.

Vanquished Creatures
  An adder (D:1)
  4 oozes
  An adder skeleton (D:3)
  4 dart slugs (D:1)
  4 leopard geckos
  2 orcs (D:3)
  3 giant cockroaches
  9 goblins
  8 hobgoblins
  4 jackals
  7 kobolds
  A quokka (D:3)
  2 ball pythons
  5 bats
  5 frilled lizards
  A jackal skeleton (D:3)
  A quokka skeleton (D:3)
  9 rats
71 creatures vanquished.

Notes
Turn   | Place    | Note
-------+----------+-------------------------------------------
     0 | D:1      | Morbidden the Avariel Archaeologist began the quest for the
                  | Orb.
     0 | D:1      | Reached XP level 1. HP: 11/11 MP: 3/3
    66 | D:1      | Reached skill level 1 in Maces & Flails
   101 | D:1      | Reached XP level 2. HP: 16/16 MP: 4/4
   190 | D:1      | Reached skill level 1 in Fighting
   450 | D:1      | Reached XP level 3. HP: 18/20 MP: 5/5
   555 | D:1      | Reached skill level 1 in Spellcasting
   880 | D:1      | Reached XP level 4. HP: 21/25 MP: 7/7
  1105 | D:2      | Noticed a +0 short sword
  1105 | D:2      | Noticed a +0 dagger
  1105 | D:2      | Noticed a +0 falchion
  1105 | D:2      | Noticed a +0 falchion
  1105 | D:2      | Noticed a +0 dagger
  1105 | D:2      | Noticed a +0 spear
  1106 | D:2      | Noticed a +0 spear
  1106 | D:2      | Noticed a +0 short sword
  1168 | D:2      | Found a radiant altar of Vehumet.
  1176 | D:2      | Became a worshipper of Vehumet
  1733 | D:2      | Found a hide-covered altar of Uskayaw.
  1875 | D:2      | Found a glowing silver altar of Zin.
  1946 | D:2      | Found a stormy altar of Qazlal.
  1981 | D:2      | Found a snail-covered altar of Cheibriados.
  2359 | D:3      | Reached XP level 5. HP: 29/29 MP: 9/9
  2359 | D:3      | Identified a scroll of acquirement
  2359 | D:3      | Identified the +0 pair of gloves of Ocuwiesch {+Inv Slay+3}
                  | (You acquired it on level 3 of the Dungeon)
  2441 | D:3      | HP: 1/29 [poisoned by an adder]
  2442 | D:3      | Slain by an adder

Skill      XL: |  1  2  3  4 |
---------------+-------------+-----
Maces & Flails | 1 |  1.6
Fighting       | 1 |  1.6
Spellcasting   | 1 |  1.3
Stealth        | 4 |  4.0
Dodging        | 4 |  4.1
Short Blades   | |  0.6
Throwing       | |  0.9

Action                   |  1- 3 |  4- 6 || total
-------------------------+-------+-------++-------
Melee: Whip              |    77 |       ||    77
       Dagger            |    23 |   139 ||   162
Throw: Javelin           |    22 |    38 ||    60
  Use: Scroll            |       |     4 ||     4
       Potion            |       |     2 ||     2
 Stab: Sleeping          |     5 |     1 ||     6
  Eat: Chunk             |     3 |    10 ||    13
Armor: Robe              |    41 |    47 ||    88
Dodge: Dodged            |    90 |   156 ||   246
